Map: Tokamak LE

Players

Ezzbor

  • Race: Zerg Zerg
  • League: Diamond
  • Spawn Location: 1:00

KimChiLoVer - Winner!

  • Race: Terran Terran
  • League: Diamond
  • Spawn Location: 7:00

VOD

Have the link to the VOD?

Description

Time

  • Played on: Nov. 2, 2025, 7:24 p.m.
  • Length: 17:48
Show
View Real Time Build Order
Export as new Build Order

Ezzbor Zerg 

Build Orders: Hatch First, Roach Hydra 

Get SALT Encoding   

  12  0:00  Drone  
  13  0:09  Drone  
  14  0:16  Overlord  
  14  0:24  Extractor  
  14  0:25  Drone  
  15  0:36  Drone x2  
  17  0:44  Drone  
  18  0:57  Hatchery  
  18  1:00  Drone  
  18  1:07  Drone  
  19  1:17  Drone  
  20  1:22  Spawning Pool  
  20  1:23  Extractor  
  18  1:27  Drone  
  19  1:38  Drone  
  20  1:49  Drone  
  21  2:10  Zergling x6  
  21  2:12  Queen x2  
  28  2:21  Overlord  
  28  2:33  Metabolic Boost  
  28  2:37  Overlord  
  28  2:43  Drone  
  28  2:44  Drone x3  
  32  2:55  Drone x2  
  32  2:57  Queen  
  36  3:00  Pneumatized Carapace  
  36  3:03  Drone  
  36  3:05  Drone  
  38  3:17  Drone x2  
  38  3:19  Roach Warren  
  39  3:22  Overlord  
  39  3:25  Drone x2  
  41  3:27  Drone  
  41  3:32  Drone  
  43  3:41  Drone  
  43  3:42  Drone  
  43  3:45  Extractor  
  43  3:46  Extractor x2, Lair  
  42  3:55  Drone x6  
  47  4:17  Roach  
  47  4:18  Roach  
  47  4:22  Hatchery  
  50  4:29  Overlord  
  50  4:32  Spore Crawler  
  50  4:36  Drone x2  
  51  4:51  Drone x8  
  59  5:04  Overlord  
  59  5:20  Spore Crawler  
  58  5:26  Roach x4  
  66  5:29  Spore Crawler  
  66  5:35  Baneling Nest  
  64  5:38  Glial Reconstitution  
  64  5:39  Roach  
  64  5:40  Zergling x2, Roach x3  
  64  5:41  Overlord x2  
  73  5:59  Overlord x2  
  73  6:01  Drone x6  
  79  6:07  Queen x2, Hatchery  
  82  6:11  Spore Crawler  
  82  6:16  Hydralisk Den  
  80  6:25  Spore Crawler  
  79  6:39  Zergling x26  
  92  6:47  Grooved Spines  
  92  6:51  Hydralisk x2  
  92  6:53  Overlord  
  94  7:11  Overseer  
  94  7:13  Hydralisk x6  
  106  7:26  Hydralisk x2  
  106  7:27  Hydralisk  
  112  7:37  Muscular Augments  
  112  7:42  Overlord x3  
  111  7:52  Overlord  
  111  7:58  Drone  
  111  7:59  Extractor  
  111  8:00  Extractor  
  111  8:01  Drone x14  
  124  8:13  Spire  
  123  8:25  Overlord x2  
  123  8:26  Hydralisk x5  
  127  8:27  Hydralisk  
  127  8:29  Baneling  
  127  8:30  Baneling x2  
  127  8:31  Baneling  
  127  8:33  Centrifugal Hooks  
  135  8:39  Evolution Chamber  
  135  8:40  Drone x2  
  136  8:42  Evolution Chamber, Overlord  
  136  8:47  Drone x4  
  139  8:49  Drone  
  140  9:06  Zerg Missile Weapons Level 1  
  140  9:08  Zerg Ground Armor Level 1, Hydralisk  
  140  9:09  Hydralisk x3  
  148  9:11  Baneling x6  
  148  9:12  Baneling x2  
  148  9:15  Spine Crawler  
  148  9:17  Spore Crawler  
  148  9:20  Spine Crawler, Drone x3  
  149  9:29  Zergling x6  
  152  9:44  Zergling x2  
  152  9:45  Zergling x16  
  151  9:52  Roach x6  
  142  9:56  Zergling x10  
  120  10:00  Roach  
  117  10:12  Drone x8  
  125  10:21  Extractor x2, Zergling x8  
  127  10:40  Zergling x20  
  127  10:41  Baneling, Hatchery  
  127  10:42  Baneling x13  
  136  10:51  Hydralisk  
  136  10:52  Hydralisk x3  
  136  10:54  Hatchery  
  143  11:02  Zerg Melee Weapons Level 1  
  143  11:08  Overlord x3  
  142  11:22  Zergling x4  
  142  11:23  Overlord x2  
  142  11:24  Overlord x2  
  144  11:40  Infestation Pit  
  144  11:41  Zerg Ground Armor Level 2  
  144  11:42  Hydralisk x11  
  144  11:44  Roach  
  144  11:45  Roach x2  
  144  11:46  Baneling  
  171  11:47  Baneling x3  
  171  11:56  Zergling x2  
  171  11:57  Zergling x10  
  177  12:12  Hydralisk x4  
  177  12:13  Hydralisk x5  
  180  12:28  Zergling x2  
  180  12:29  Zergling x26  
  161  12:40  Roach  
  161  12:41  Roach x6  
  161  12:43  Roach  
  147  12:46  Zergling x6  
  147  12:50  Roach  
  119  12:55  Roach  
  97  13:14  Zergling x2  
  97  13:15  Zergling x30  
  104  13:25  Zergling x10  
  99  13:30  Roach x7  
  107  13:36  Roach  
  107  13:41  Baneling x4  
  107  13:42  Baneling x5  
  107  13:46  Zergling x12  
  111  13:50  Queen  
  111  13:55  Roach  
  113  13:56  Roach x6  
  111  14:14  Overseer  
  111  14:15  Overseer  
  107  14:19  Hydralisk x10  
  107  14:22  Zerg Missile Weapons Level 2  
  126  14:26  Zerg Melee Weapons Level 2  
  126  14:35  Baneling x9  
  126  14:42  Drone x3  
  126  14:43  Queen  
  131  14:47  Spore Crawler  
  131  14:49  Hydralisk x4  
  131  14:50  Hydralisk  
  140  14:54  Queen  
  140  14:59  Zergling x10  
  147  15:00  Zergling x2  
  148  15:11  Drone x3  
  151  15:27  Zergling x32  
  151  15:28  Zergling x16  
  175  15:31  Hive  
  170  15:40  Zergling x2  
  170  15:41  Zergling x18  
  166  15:55  Roach  
  166  15:56  Roach x8  
  151  15:59  Roach  
  151  16:01  Baneling x3  
  151  16:02  Baneling x9  
  151  16:03  Roach  
  151  16:12  Roach x3  
  151  16:13  Roach x4  
  164  16:24  Hydralisk x6  
  156  16:34  Hydralisk x5  
  136  16:48  Roach x9  
  136  16:50  Zergling x2  
  136  16:51  Zergling x2  
  141  17:06  Zergling x2  
  141  17:07  Zergling x16  
  146  17:14  Zergling x8  
  148  17:21  Zergling x2  
  148  17:22  Zergling x2  
  132  17:26  Zergling x2  
  132  17:27  Zergling x2  
Show
View Real Time Build Order
Export as new Build Order

KimChiLoVer Terran - Winner!

Build Orders: Reaper Expand, Hellion Banshee 

Get SALT Encoding   

  12  0:00  SCV  
  13  0:13  SCV  
  14  0:17  Supply Depot  
  14  0:25  SCV  
  15  0:39  SCV  
  15  0:41  Barracks  
  16  0:45  Refinery  
  16  0:51  SCV  
  17  1:03  SCV  
  18  1:15  SCV  
  18  1:31  Orbital Command  
  19  1:32  Reaper  
  19  1:51  Command Center  
  19  1:57  SCV  
  20  2:04  Supply Depot  
  20  2:18  Marine  
  21  2:30  Bunker  
  21  2:32  SCV  
  21  2:33  Refinery  
  21  2:34  Factory  
  22  2:44  SCV  
  22  2:45  Barracks Reactor, Supply Depot  
  23  2:56  SCV  
  24  3:04  Supply Depot  
  24  3:08  SCV  
  24  3:10  Orbital Command  
  25  3:21  SCV  
  25  3:24  Starport  
  26  3:29  Supply Depot  
  26  3:32  Hellion  
  26  3:33  SCV  
  29  3:36  SCV  
  29  3:40  Hellion  
  32  3:41  Barracks Tech Lab  
  32  3:48  SCV x2  
  33  3:53  Supply Depot  
  34  4:00  SCV  
  35  4:12  Banshee  
  35  4:13  Cloaking Field  
  38  4:18  Barracks  
  38  4:20  SCV  
  38  4:21  SCV  
  40  4:27  Supply Depot  
  40  4:30  Barracks Tech Lab  
  42  4:31  Hellion x2  
  42  4:33  SCV  
  42  4:34  SCV  
  46  4:45  SCV  
  47  4:46  SCV  
  47  4:51  Stimpack  
  47  4:52  Marine  
  49  4:54  Hellion  
  49  4:55  Hellion  
  49  4:57  SCV  
  54  5:05  Banshee  
  57  5:08  Barracks  
  57  5:12  SCV  
  57  5:13  SCV  
  59  5:24  Engineering Bay x2  
  59  5:26  Command Center, SCV  
  60  5:38  SCV  
  60  5:39  SCV  
  60  5:42  Factory Reactor  
  62  5:46  Marine x3  
  65  5:50  SCV  
  65  5:52  Terran Infantry Armor Level 1, Terran Infantry Weapons Level 1  
  65  5:55  Refinery  
  65  5:56  Refinery  
  66  6:02  SCV  
  66  6:04  Marine x3  
  67  6:07  Starport Reactor  
  70  6:12  Missile Turret  
  70  6:14  Missile Turret, SCV  
  70  6:16  SCV  
  70  6:17  Missile Turret  
  72  6:23  Barracks  
  72  6:24  Barracks Reactor  
  72  6:27  SCV  
  72  6:28  SCV  
  74  6:33  Barracks  
  74  6:40  SCV  
  74  6:45  Orbital Command  
  75  6:52  Armory  
  75  6:53  SCV  
  76  6:54  Missile Turret  
  76  6:55  Missile Turret, Marine x3  
  76  6:59  Medivac x2  
  83  7:01  Siege Tank  
  83  7:02  Marine  
  83  7:03  Marine  
  88  7:12  Marine  
  88  7:13  Marine x3  
  92  7:20  Marine x2  
  94  7:27  Marine x2  
  94  7:29  Medivac, Marine  
  98  7:31  Marine x2  
  101  7:46  Siege Tank  
  101  7:52  Marine x3  
  101  7:59  Barracks Reactor  
  101  8:06  Supply Depot x2  
  101  8:07  Supply Depot  
  101  8:09  Supply Depot  
  101  8:10  Marine x4, Medivac x2  
  101  8:11  Marine x3  
  112  8:13  Supply Depot x2, Terran Vehicle And Ship Armor Level 1  
  112  8:18  Terran Infantry Weapons Level 2, Siege Tank  
  115  8:23  Orbital Command  
  115  8:28  Marine x4  
  115  8:29  Marine x3  
  122  8:37  Marine x2  
  122  8:40  Medivac  
  126  8:46  Marine x4  
  126  8:47  Marine x3  
  133  8:53  Supply Depot x2  
  133  8:55  Marine x2  
  135  9:04  Marine x4  
  135  9:05  Marine x3  
  142  9:13  Marine x2  
  144  9:22  Marine x4  
  144  9:23  Marine x3  
  151  9:31  Marine x2  
  153  9:39  Marine x4  
  153  9:40  Marine  
  120  9:56  Marine x4  
  120  9:57  Marine x4  
  120  9:58  Marine  
  94  10:09  Siege Tank  
  94  10:13  SCV x2  
  94  10:14  Marine x4, SCV  
  100  10:15  Marine x4  
  100  10:16  Marine  
  100  10:19  Terran Infantry Armor Level 2  
  109  10:25  SCV  
  109  10:27  Refinery x2  
  110  10:29  Supply Depot  
  110  10:30  SCV x2  
  110  10:31  Marine  
  110  10:32  Marine x3  
  110  10:33  Marine x4  
  110  10:34  Marine  
  121  10:37  Terran Infantry Weapons Level 3  
  121  10:41  Siege Tank  
  124  10:49  Marine  
  125  10:50  Marine x3  
  125  10:51  Marine x4  
  125  10:52  Marine  
  133  10:57  SCV  
  133  11:00  Supply Depot, Starport Tech Lab  
  133  11:01  Barracks  
  134  11:07  Marine  
  134  11:08  Marine x5  
  134  11:09  Combat Shield, Marine  
  134  11:11  Marine x2  
  143  11:13  Siege Tank  
  143  11:15  SCV  
  147  11:22  Missile Turret  
  147  11:23  Missile Turret  
  147  11:25  Marine x4  
  148  11:26  Marine  
  148  11:27  SCV  
  148  11:28  Banshee  
  156  11:35  Terran Vehicle And Ship Armor Level 2  
  156  11:45  Marine x3, Siege Tank  
  156  11:46  Marine x4  
  166  11:48  Marine  
  166  11:49  Marine  
  166  11:50  Marine  
  169  12:01  Command Center  
  169  12:06  Marine x2  
  169  12:08  Marine x5  
  171  12:09  Marine x4  
  171  12:11  Banshee  
  183  12:17  Siege Tank  
  159  12:40  Marine x4  
  117  12:54  Banshee  
  94  13:16  Marine x10  
  94  13:17  Marine  
  88  13:29  Siege Tank  
  88  13:33  Marine  
  92  13:34  Marine x10  
  92  13:36  Banshee  
  105  13:51  Marine  
  105  13:52  Marine x9  
  105  13:53  Barracks  
  105  13:54  Barracks  
  115  14:02  Siege Tank  
  105  14:16  Marine x2  
  105  14:17  Marine x9  
  104  14:19  Banshee  
  116  14:25  Planetary Fortress  
  116  14:34  Marine x3, Siege Tank  
  116  14:35  Marine x8  
  130  14:43  Terran Infantry Armor Level 3  
  130  14:51  Supply Depot  
  130  14:52  Marine x4  
  132  14:53  Marine x4, Supply Depot  
  138  15:02  Banshee, Barracks Tech Lab x2  
  138  15:06  Concussive Shells, Siege Tank  
  144  15:08  Marine x2  
  144  15:10  Marine x4  
  151  15:17  Marine  
  151  15:18  Marine  
  151  15:20  Marauder  
  154  15:22  Marauder x2  
  158  15:31  Marine x2  
  158  15:32  Marine x2  
  161  15:38  Siege Tank  
  161  15:41  Marauder  
  156  15:44  Marauder x2  
  156  15:45  Banshee  
  160  16:03  Marine, Marauder  
  160  16:04  Marine x2  
  164  16:05  Marauder x2  
  169  16:25  Marauder  
  171  16:28  Banshee  
  154  16:33  Marine x11  
  154  16:34  Marine  
  161  16:56  Marine x13  
  174  17:13  Marine  
  174  17:14  Marine  
Tags
 
Add a new tag
Caveats
  • Supply blocks, unpowered buildings, or Contaminate may cause inaccurate times.
  • Supply counts are checked every 10 seconds.